 Dungeon Crawl Stone Soup version 0.22-a0-240-g539252a (webtiles) character file.

112 Amnesiac the Charlatan (level 4, -7/22 HPs)
             Began as a Spriggan Artificer on Feb 21, 2018.
             Mangled by an orc warrior
             ... wielding a +0 halberd
              (22 damage)
             ... in a bailey.
             The game lasted 00:06:03 (1303 turns).

Amnesiac the Charlatan (Spriggan Artificer)         Turns: 1303, Time: 00:06:04

Health: -7/22      AC:  5    Str:  9    XL:     4   Next: 63%
Magic:  11/11      EV: 19    Int: 16    God:
Gold:   13         SH:  0    Dex: 16    Spells: 3/11 levels left

rFire    + . .     SeeInvis +   a - +0 short sword
rCold    . . .     Gourm    .   (shield restricted)
rNeg     . . .     Faith    .   b - +0 robe
rPois    .         Spirit   .   (helmet restricted)
rElec    .         Reflect  .   q - +2 cloak of Botavaeff {rF+ MR+ Int+4 SInv}
rCorr    .         Harm     .   (gloves unavailable)
MR       +....                  (boots unavailable)
Stlth    ++........             (no amulet)
HPRegen  0.07/turn              (no ring)
MPRegen  0.12/turn              (no ring)

@: very quick
A: very small, unfitting armour, see invisible, herbivore, speed 3, slow
metabolism 2
a: no special abilities


You were in a bailey.
You were not hungry.

You visited 1 branch of the dungeon, and saw 5 of its levels.
You also visited: Bailey.

You collected 13 gold pieces.

Inventory:

Hand Weapons
 a - a +0 short sword (weapon)
Missiles
 h - 24 poisoned needles
 i - 16 stones (quivered)
Armour
 b - a +0 robe (worn)
 q - the +2 cloak of Botavaeff (worn) {rF+ MR+ Int+4 SInv}
   (You found it on level 7 of the Dungeon)

   It affects your intelligence (+4).
   It protects you from fire.
   It affects your resistance to hostile enchantments.
   It lets you see invisible.
Wands
 c - a wand of flame (14)
 d - a wand of enslavement (13)
 e - a wand of random effects (15)
 n - a wand of disintegration (16)
Scrolls
 g - 2 scrolls of remove curse {!r, unknown}
 j - a scroll of noise {!r, unknown}
 k - 4 scrolls of enchant armour {!r, unknown}
 l - a scroll of amnesia {!r, unknown}
 m - a scroll of enchant weapon {!r, unknown}
 r - a scroll of teleportation {!r, unknown}
 s - a scroll of identify {!r, unknown}
Potions
 o - a potion of heal wounds {!q, unknown}
 p - a potion of haste {!q, unknown}
Comestibles
 f - 2 rations


   Skills:
 - Level 1.1 Fighting
 - Level 1.6 Short Blades
 - Level 3.4 Dodging
 - Level 2.0 Stealth
 + Level 4.0 Spellcasting
 - Level 4.6 Evocations


You had 3 spell levels left.
You knew the following spells:

 Your Spells              Type           Power        Failure   Level  Hunger
a - Poisonous Vapours     Pois/Air       #.....       26%         2    ##.....
b - Mephitic Cloud        Conj/Pois/Air  #.......     45%         3    ###....
e - Confuse               Hex            #.......     45%         3    ###....


Dungeon Overview and Level Annotations

Branches:
Dungeon (7/15)
 Temple: D:4-7

Altars:
Cheibriados

Shops:
D:4 (

Annotations:
D:3 1 transporter
D:4 Robin


Innate Abilities, Weirdness & Mutations

You are very small and have problems with some larger weapons.
You are too small for most types of armour.
You have supernaturally acute eyesight. (SInv)
You are a herbivore.
You cover ground extremely quickly.
You need consume almost no food.


Message History

The hound skeleton closely misses you.
You hit the hound skeleton but do no damage.
The hound skeleton is moderately damaged.
The hound skeleton completely misses you.
The hound skeleton closely misses you.
You hit the hound skeleton.
The hound skeleton is heavily damaged.
The hound skeleton barely misses you.
You barely miss the hound skeleton.
The hound skeleton is heavily damaged.
The hound skeleton completely misses you.
You hit the hound skeleton.
The hound skeleton is heavily damaged.
The hound skeleton barely misses you. The hound skeleton misses you.
You hit the hound skeleton.
The hound skeleton is heavily damaged.
The hound skeleton bites you but does no damage.
You hit the hound skeleton.
The hound skeleton is severely damaged.
The hound skeleton barely misses you.
You hit the hound skeleton.
The hound skeleton is almost destroyed.
The hound skeleton bites you. The hound skeleton barely misses you.
You hit the hound skeleton.
The hound skeleton is almost destroyed.
The hound skeleton barely misses you.
You hit the hound skeleton.
You destroy the hound skeleton!
Your Spellcasting skill increases to level 4!
There is a flagged portal here.
The world spins around you as you enter the gateway.
You enter a bailey!
The orc warrior shouts! x2
Found two gates leading back out of this place.
There is an empty arch of ancient stone here.
There is a gate leading back out of this place here.
You start resting.
Magic restored.
You start resting. 2 orc warriors come into view.
Evoke which item? (* to show all) (? for menu, Esc to quit)
Aiming: Enslavement
Press: ? - help, Shift-Dir - straight line, f - orc warrior
Aim: an orc warrior, wielding an arbalest and wearing a scale mail (chance to defeat MR: 60%)
The orc warrior resists with significant effort.
The orc warrior shoots a bolt.
The bolt completely misses you.
Evoke which item? (* to show all) (? for menu, Esc to quit)
Aiming: Enslavement
Press: ? - help, Shift-Dir - straight line, f/p - orc warrior
Aim: an orc warrior, wielding an arbalest and wearing a scale mail (chance to defeat MR: 60%)
The orc warrior is charmed.
What are your orders? t - Shout!
Orders for allies: a - Attack new target. p - Attack previous target. r - Retreat! s - Stop attacking. g - Guard the area. f - Follow me.
Anything else - Cancel.
Gang up on whom?
Press: ? - help, Dir - move target cursor, f - orc warrior, p - orc warrior
Aim: an orc warrior, wielding a halberd and wearing a ring mail Attack!
The orc warrior hits you from afar with a halberd!!
Ouch! That really hurt!
You die...

#### ##∩## ####
....##...##....
≈≈≈..#...#..≈≈≈
≈o≈≈.......≈≈o≈
o≈.......≈o
....... #o.o#
#.∩.# ##@## ###


You could see an orc warrior and a friendly orc warrior.

Vanquished Creatures
  A scorpion (D:7)
  A centaur skeleton (D:7)
  A hound skeleton (D:7)
  A leopard gecko (D:1)
  2 orcs (D:3)
  A ball python (D:1)
  4 giant cockroaches
  4 goblins
  A hobgoblin (D:3)
  2 bats
  3 kobolds
  A rat (D:3)
22 creatures vanquished.

Notes
Turn   | Place    | Note
-------+----------+-------------------------------------------
     0 | D:1      | Amnesiac the Spriggan Artificer began the quest for the Orb.
     0 | D:1      | Reached XP level 1. HP: 9/9 MP: 4/4
   384 | D:3      | Reached XP level 2. HP: 5/14 MP: 6/6
   527 | D:3      | Reached skill level 1 in Fighting
   541 | D:3      | Found a snail-covered altar of Cheibriados.
   711 | D:3      | Found a transporter.
   712 | D:3      | Noticed an electric eel
   994 | D:4      | Noticed Robin
   994 | D:4      | Found Luzeliq's Antique Weapon Shoppe.
  1035 | D:4      | You fall through a shaft for 3 floors!
  1037 | D:7      | Got a transparent cloak
  1043 | D:7      | Identified the +2 cloak of Botavaeff {rF+ MR+ Int+4 SInv} (You found it on level 7 of the Dungeon)
  1247 | D:7      | Noticed a scorpion
  1252 | D:7      | Killed a scorpion
  1252 | D:7      | Reached XP level 3. HP: 13/18 MP: 8/8
  1252 | D:7      | Reached XP level 4. HP: 15/22 MP: 9/9
  1256 | D:7      | Learned a level 2 spell: Poisonous Vapours
  1260 | D:7      | Learned a level 3 spell: Confuse
  1264 | D:7      | Learned a level 3 spell: Mephitic Cloud
  1275 | D:7      | Found a flagged portal.
  1294 | Bailey   | Entered a bailey
  1294 | Bailey   | Noticed an orc warrior
  1294 | Bailey   | Noticed an orc warrior
  1294 | Bailey   | Noticed an orc warrior
  1301 | Bailey   | Noticed an orc warrior
  1301 | Bailey   | Noticed an orc warrior
  1303 | Bailey   | Mangled by an orc warrior

Vault maps used:
D:1:      minmay_arrival_diagonal_passages, minmay_tripent
D:2:      nicolae_qazlal_eye_of_the_storm
D:3:      gammafunk_steamed_eel, first_ration, cheibriados_altar_1
D:4:      minmay_shop_grid_forest, hangedman_decor_points, uniq_robin,
          uniq_blork_the_orc, uniq_pikel, uniq_edmund
D:7:      corexii_shantytown, minmay_temple_entry_trees, enter_bailey_2
Bailey:   bailey_polearm_4, bailey

Skill      XL: |  1  2  3  4 |
---------------+-------------+-----
Stealth        | 2 |  2.0
Fighting       | 1 |  1.1
Spellcasting   | 2 4 |  4.0
Short Blades   | |  1.6
Dodging        | |  3.4
Evocations     | |  4.6

Action                   |  1- 3 |  4- 6 || total
-------------------------+-------+-------++-------
Melee: Short sword       |    77 |    12 ||    89
Evoke: Wand              |     1 |     5 ||     6
 Stab: Sleeping          |     1 |       ||     1
Armor: Robe              |     8 |     1 ||     9
Dodge: Dodged            |    83 |    12 ||    95

Table legend:
 A = Spawn XP
 B = Non-spawn XP
 C = Spawn XP percentage of total XP
 D = Spawn monster count
 E = Non-spawn monster count
 F = Spawn count percentage of total count
 G = Total turns spent on level
                    A         B        C        D         E        F      G
               +---------+---------+-------+---------+---------+-------+---------
         Total |       0 |     160 |   0.0 |       0 |      22 |   0.0 |  1303
               +---------+---------+-------+---------+---------+-------+---------
           D:1 |       0 |      10 |   0.0 |       0 |       5 |   0.0 |   261
           D:2 |       0 |       1 |   0.0 |       0 |       1 |   0.0 |   112
           D:3 |       0 |      19 |   0.0 |       0 |       9 |   0.0 |   618
           D:4 |       0 |       5 |   0.0 |       0 |       3 |   0.0 |    44
           D:7 |       0 |     125 |   0.0 |       0 |       4 |   0.0 |   259
               +---------+---------+-------+---------+---------+-------+---------
